 Dungeon Crawl Stone Soup version 0.30-a0-50-gb2d611f6b1 (webtiles) character file.

Game seed: 17730805343902320528

175 ytrimaz the Shield-Bearer (level 5, -2/43 HPs)
             Began as a Formicid Fighter on Sept 4, 2022.
             Slain by an ogre
             ... wielding a +0 giant club
              (15 damage)
             ... on level 4 of the Dungeon.
             The game lasted 00:04:25 (3436 turns).

ytrimaz the Shield-Bearer (Formicid Fighter)        Turns: 3436, Time: 00:04:26

Health: -2/43      AC:  7    Str: 22    XL:     5   Next: 86%
Magic:  5/5        EV:  9    Int:  8    God:
Gold:   649        SH:  5    Dex: 13    Spells: 4/4 levels left

rFire   . . .      SeeInvis +    a - +0 war axe {axe}
rCold   . . .      Faith    .    c - +0 buckler
rNeg    + . .      Spirit   .    b - +0 scale mail
rPois   .          Reflect  .    (helmet unavailable)
rElec   .          Harm     .    (no cloak)
rCorr   .          Rampage  .    (no gloves)
Will    .....                    (no boots)
Stlth   ..........               (no amulet)
HPRegen 0.14/turn                s - ring of positive energy
MPRegen 0.09/turn                (no ring)

@: mighty
A: permanent stasis, dig shafts and tunnels, antennae 3, four strong arms
a: Dig, Shaft Self


You were on level 4 of the Dungeon.
You visited 1 branch of the dungeon, and saw 4 of its levels.

You collected 649 gold pieces.


Innate Abilities, Weirdness & Mutations

You cannot be hasted, slowed, berserked, paralysed or teleported.
You can dig through walls and to a lower floor.
You have a pair of large antennae on your head. (SInv)
Your four strong arms can wield two-handed weapons with a shield.


   Skills:
 + Level 4.6 Fighting
 + Level 3.5 Axes
 + Level 4.0 Armour
 - Level 4.9 Shields


You had 4 spell levels left.
You didn't know any spells.
Your spell library was empty.

Inventory:

Hand Weapons
 a - a +0 war axe (weapon) {axe}
Missiles
 e - 31 stones {throwing}
 f - 6 boomerangs {throwing}
 m - 3 poisoned darts {throwing}
Armour
 b - a +0 scale mail (worn)
 c - a +0 buckler (worn)
Magical Staves
 t - a staff of conjuration {!a@e2staff}
   (You found it on level 3 of the Dungeon)
Jewellery
 h - a +6 ring of intelligence
   (You found it on level 2 of the Dungeon)
 s - a ring of positive energy (left hand)
   (You found it on level 3 of the Dungeon)
Wands
 r - a wand of flame (15)
   (You found it on level 2 of the Dungeon)
Scrolls
 i - a scroll of amnesia
 k - a scroll of fear
 p - a scroll of magic mapping {!r}
 u - a scroll of noise {unknown}
Potions
 g - a potion of invisibility {unknown}
 j - a potion of attraction {!q}
 l - 2 potions of lignification {!q}
 n - 3 potions of brilliance
 o - a potion of curing {unknown}
 q - a potion of flight {unknown}

Dungeon Overview and Level Annotations

Branches:
Dungeon (4/15) Zot: 20470
 Temple: D:4-7

Altars:
Elyvilon
Xom

Shops:
D:4

= #.# #......# #.#
#......# #.###
#......# #...#
##......# #...#
........# #...#
........###...####
........##.......#
.....∩O@.........#
....####.#.......#
.
...+......†#######
##..#.....)........
{.##......)#######
### ########.......
..##.## #..#.#.
#.....


You could see an ogre.


Message History

There is an open door here.
Key pressed, stopping explore.
No target in view!
The goblin shouts!
A goblin is nearby!
A goblin is nearby!
The goblin hits you but does no damage.
A goblin is nearby!
You closely miss the goblin. The goblin hits you but does no damage.
A goblin is nearby!
A goblin is nearby!
A goblin is nearby!
You slash the goblin!
You kill the goblin!
You see here a +0 dagger {short}.
No target in view!
Unknown command.
No target in view!
You sense a monster nearby.
Unknown command.
A quokka is nearby!
A quokka is nearby!
No reachable target in view!
A quokka is nearby!
No reachable target in view!
You can't go down here!
Found a stone staircase leading up.
You miss the quokka. The quokka barely misses you.
The quokka bites you but does no damage.
You closely miss the quokka. The quokka bites you.
The quokka bites you but does no damage. 😕 HP[-3]
You take 3 damage, and now have 40/43 hp.
You barely miss the quokka.
The quokka twitches its whiskers.
The quokka closely misses you.
You closely miss the quokka.
The quokka bites you but does no damage.
The quokka barely misses you.
Unknown command.
You slash the quokka!
You kill the quokka!
Unknown command. 😕 HP[+1]
You see here a +0 dagger {short}.
You see here a +0 leather armour.
There is an open door here.
You see here a +0 hand axe {axe}.
There is an open door here.
There is a stone staircase leading down here. 😎 HP[+2]
Your hp is fully restored (43).
You climb downwards.
There is a stone staircase leading up here.
Unknown command.
Found a white marble altar of Elyvilon.
Key pressed, stopping explore.
No target in view!
You sense a monster nearby.
No target in view!
A goblin comes into view. It is wielding a +0 club.
The goblin shouts!
A worm comes into view.
The worm moves out of view.
There are monsters nearby!
You block the goblin's attack.
A kobold comes into view. It is wielding a +0 dagger.
The kobold shouts!
You hit the goblin.
You kill the goblin!
You slash the kobold!
You kill the kobold!
Things that are here:
a +0 club {mace}; a goblin corpse Unknown command.
You slash the worm! The worm bites you but does no damage.
You slash the worm!
You kill the worm!
Unknown command.
No target in view!
Key pressed, stopping explore.
Unknown command.
e - 31 stones {throwing} (gained 5)
Things that are here:
a +0 dagger {short}; a kobold corpse
Things that are here:
a +0 club {mace}; a goblin corpse
Found Deyh's Jewellery Emporium.
u - a scroll labelled ODOLITALLO An ogre comes into view.
It is wielding a +0 giant club.
The ogre shouts!
You hear a shout!
You feel very mighty all of a sudden.
The ogre hits you with a +0 giant club!!
Ouch! That really hurt!
* * * LOW HITPOINT WARNING * * *
😨 HP[-30]
You take 30 damage, and now have 13/43 hp.
MASSIVE DAMAGE!! (PAUSE)
You barely miss the ogre. The ogre hits you with a +0 giant club!
You die...

Skill      XL: |  1  2  3  4  5 |
---------------+----------------+-----
Fighting       | 4 |  4.6
Axes           | 3 |  3.5
Armour         | 4 |  4.0
Shields        | |  4.9

Action                   |  1- 3 |  4- 6 || total
-------------------------+-------+-------++-------
Melee: War axe           |    69 |   167 ||   236
  Use: Scroll            |     4 |     5 ||     9
       Potion            |       |     2 ||     2
Armor: Scale mail        |    39 |   114 ||   153
Dodge: Dodged            |    40 |   103 ||   143
Block: Buckler           |    13 |    64 ||    77

Levels and vault maps discovered:
D:1:      amcnicky_arrival_choice, layout_loops_ring
D:2:      layout_basic, basic_ecumenical_altar, grunt_ministairs_6
D:3:      layout_basic, xom_confusion_cloud, corexii_leaking_fountain,
          kennysheep_generic_room_8
D:4:      layout_basic, mainiacjoe_overflow_small_starburst,
          general_overflow_altar, minmay_shop_enchanted_jewellery, minivault_27

Notes
Turn   | Place    | Note
-------+----------+-------------------------------------------
     0 | D:1      | ytrimaz the Formicid Fighter began the quest for the Orb.
     0 | D:1      | Reached XP level 1. HP: 18/18 MP: 1/1
     0 | D:1      | magus.rc [v1.9.6]
   118 | D:1      | Reached XP level 2. HP: 19/24 MP: 2/2
   210 | D:1      | HP: 6/24 [dart slug/slug dart (1)]
   214 | D:1      | Reached XP level 3. HP: 6/29 MP: 3/3
   481 | D:1      | Identified a scroll of acquirement
   482 | D:1      | Acquired 544 gold pieces
  1108 | D:2      | Reached XP level 4. HP: 34/37 MP: 4/4
  1197 | D:2      | Reached skill level 4 in Fighting
  1574 | D:2      | Found a faded altar of an unknown god.
  1589 | D:2      | Reached skill level 3 in Axes
  2177 | D:2      | Reached XP level 5. HP: 40/42 MP: 5/5
  2472 | D:3      | Found a shimmering altar of Xom.
  2981 | D:3      | Reached skill level 4 in Armour
  3395 | D:4      | Found a white marble altar of Elyvilon.
  3425 | D:4      | Found Deyh's Jewellery Emporium.
  3432 | D:4      | Noticed an ogre
  3436 | D:4      | Slain by an ogre

Vanquished Creatures
  An orc wizard (D:3)
  4 adders
  2 worms
  2 dart slugs
  2 orcs (D:3)
  14 bats
  9 endoplasms
  3 giant cockroaches
  10 goblins
  7 hobgoblins
  10 jackals
  3 quokkas
  12 ball pythons
  10 frilled lizards
  7 kobolds
  3 rats
99 creatures vanquished.

Vanquished Creatures (others)
  An adder (D:3)
  A giant cockroach (D:3)
  2 goblins (D:3)
  A hobgoblin (D:3)
  A kobold (D:3)
6 creatures vanquished.

Grand Total: 105 creatures vanquished

Table legend:
 A = Non-vault XP
 B = Vault XP
 C = Vault XP percentage of total XP
 D = Non-vault monster count
 E = Vault monster count
 F = Vault count percentage of total count
                 A         B        C        D         E       F
            +---------+---------+-------+---------+---------+-------
      Total |     224 |      27 |  10.8 |      91 |       8 |   8.1
            +---------+---------+-------+---------+---------+-------
        D:1 |      56 |       0 |   0.0 |      35 |       0 |   0.0
        D:2 |      68 |      15 |  18.1 |      28 |       2 |   6.7
        D:3 |      91 |      12 |  11.7 |      25 |       6 |  19.4
        D:4 |       9 |       0 |   0.0 |       3 |       0 |   0.0
            +---------+---------+-------+---------+---------+-------

Illustrated notes

Table legend:
 A = Kills in this place as a percentage of kills in entire the game.
 B = Kills by you in this place as a percentage of kills by you in the entire game.
 C = Kills by friends in this place as a percentage of kills by friends in the entire game.
 D = Other kills in this place as a percentage of other kills in the entire game.
 E = Experience gained in this place as a percentage of experience gained in the entire game.
 F = Experience gained in this place divided by the number of levels of this place that you have seen.
                   A       B       C       D       E      F
               +-------+-------+-------+-------+-------+----------------------
         Total | 100.0 | 100.0 |   N/A |   N/A | 100.0 |  62.8
       Dungeon | 100.0 | 100.0 |   N/A |   N/A | 100.0 |  62.8
               +-------+-------+-------+-------+-------+----------------------

Table legend: (Time is in decaauts)
 A = Elapsed time spent in this place.
 B = Non-inter-level travel time spent in this place.
 C = Inter-level travel time spent in this place.
 D = Time resting spent in this place.
 E = Time spent auto-exploring this place.
 F = Levels seen in this place.
 G = Mean time per level.
                   A        B        C        D        E       F      G
               +--------+--------+--------+--------+--------+-----+--------+
         Total |   3527 |   3389 |    138 |    140 |   2543 |   4 |  881.8 |
       Dungeon |   3527 |   3389 |    138 |    140 |   2543 |   4 |  881.8 |
               +--------+--------+--------+--------+--------+-----+--------+

Top non-repeatable levels by time:
     D:2: 1335 daAuts
     D:1: 1121 daAuts
     D:3: 1025 daAuts
     D:4: 44 daAuts
